 Dungeon Crawl Stone Soup version 0.27-a0-797-g27d10ad80f (webtiles) character file.

Game seed: 5493194131811551081

95 polve the Distorting Demonspawn (level 4, -3/35 HPs)
             Began as a Demonspawn Abyssal Knight on Mar 27, 2021.
             Was a Believer of Lugonu.
             Slain by a phantom (7 damage)
             ... on level 3 of the Dungeon.
             The game lasted 00:02:08 (3269 turns).

polve the Distorting Demonspawn (DsAK)              Turns: 3269, Time: 00:02:09

Health: -3/35      AC:  5    Str: 12    XL:     4   Next: 39%
Magic:  7/7        EV: 11    Int: 14    God:    Lugonu [**....]
Gold:   92         SH:  0    Dex: 13    Spells: 3/3 levels left

rFire    . . .     SeeInvis .   a - +1 falchion
rCold    . . .     Faith    .   (no shield)
rNeg     . . .     Spirit   .   b - +0 leather armour
rPois    .         Reflect  .   (no helmet)
rElec    .         Harm     .   (no cloak)
rCorr    .         Rampage  .   (no gloves)
Will     .....                  (no boots)
Stlth    +.........             (no amulet)
HPRegen  0.11/turn              (no ring)
MPRegen  0.10/turn              (no ring)

@: no status effects
A: iridescent scales 1, demonic guardian 1
a: Renounce Religion, Depart the Abyss, Bend Space


You were on level 3 of the Dungeon.
You worshipped Lugonu.
Lugonu was pleased with you.
You visited 1 branch of the dungeon, and saw 3 of its levels.
You visited the Abyss 1 time.

You collected 92 gold pieces.

Inventory:

Hand Weapons
 a - a +1 falchion (weapon)
 f - a +1 dagger of venom
 i - a +0 dagger of pain
 k - a +2 vampiric dagger
Armour
 b - a +0 leather armour (worn)
Scrolls
 c - 2 scrolls of identify {unknown}
 d - a scroll of fog {unknown}
 h - a scroll of immolation {unknown}
 j - a scroll of noise {unknown}
 l - a scroll of amnesia {unknown}
 n - a scroll of torment {unknown}
Potions
 e - a potion of heal wounds
 g - 2 potions of curing
 m - a potion of might {unknown}
 o - a potion of invisibility {unknown}


   Skills:
 - Level 3.0 Fighting
 - Level 3.0 Long Blades
 - Level 1.7 Armour
 - Level 0.8 Dodging
 + Level 4.9 Invocations


You had 3 spell levels left.
You didn't know any spells.
Your spell library contained the following spells:

 Spells                   Type           Power      Damage    Failure   Level
 Confusing Touch          Hex            0%         N/A       73%         3
 Gell's Gravitas          Tloc           0%         N/A       73%         3
 Petrify                  Tmut/Erth      0%         N/A       98%         4
 Metabolic Englaciation   Hex/Ice        0%         N/A       100%        5
 Yara's Violent Unravell  Hex/Tmut       0%         3d3       100%        5


Dungeon Overview and Level Annotations

Branches:
Dungeon (3/15)

Altars:
Cheibriados
Dithmenos


Innate Abilities, Weirdness & Mutations

You are partially covered in iridescent scales. (AC +2)
A weak demonic guardian rushes to your aid.


Message History

You are too injured to fight recklessly!
You are too injured to fight recklessly!
You are too injured to fight recklessly!
You are too injured to fight recklessly!
You are too injured to fight recklessly!
You are too injured to fight recklessly!
You are too injured to fight recklessly!
You are too injured to fight recklessly!
You are too injured to fight recklessly!
You barely miss the phantom.
The phantom is moderately damaged.
The phantom hits you but does no damage.
You hit the phantom.
The phantom is moderately damaged.
The phantom hits you.
The phantom blinks!
You blink.
You hit the phantom.
The phantom is heavily damaged.
The phantom barely misses you.
You closely miss the phantom.
The phantom is heavily damaged.
The phantom closely misses you.
You closely miss the phantom.
The phantom is heavily damaged.
The phantom hits you.
The phantom blinks!
You blink.
You closely miss the phantom.
The phantom is heavily damaged.
The phantom barely misses you.
You hit the phantom but do no damage.
The phantom is heavily damaged.
The phantom hits you.
* * * LOW HITPOINT WARNING * * *
Your +1 dagger of venom stops dripping with poison.
a - a +1 falchion (weapon)
You closely miss the phantom.
The phantom is moderately damaged.
The phantom hits you.
* * * LOW HITPOINT WARNING * * *
A demonic guardian appears!
The phantom blinks!
You blink.
The phantom hits you!
You die...

#.# #....#.#...# .... #.#
#....#.#...###§... #.#
#....#.'.....§.... #.#
#....###...####### #.#
#...>#.#>........( #.#
#####....#............
#.######........#.####.######
#...............'.......#####
########....@..§#.#..........
#.....W5§#.#..........
#......#.#.#......####
#......#.#.#.........#
#......#.#...........#
#......#.####.#.######
#......'....#.........
#.....<#.##.###.......
#......#.##...'..†....


You could see a phantom (ally target) and a friendly shadow imp (summoned).

Vanquished Creatures
  3 adders
  A worm (D:2)
  A dart slug (D:2)
  8 ball pythons
  4 endoplasms
  3 giant cockroaches
  3 goblins (D:1)
  7 hobgoblins
  3 jackals (D:1)
  10 kobolds
  6 quokkas
  A bat (D:2)
  2 frilled lizards
  8 rats
60 creatures vanquished.

Notes
Turn   | Place    | Note
-------+----------+-------------------------------------------
     0 | Abyss:1  | polve the Demonspawn Abyssal Knight began the quest for the
                  | Orb.
     0 | Abyss:1  | Reached XP level 1. HP: 18/18 MP: 2/2
    79 | Abyss:1  | Noticed a ynoxinul
    88 | D:1      | Escaped the Abyss
   628 | D:1      | Gained mutation: You are partially covered in iridescent
                  | scales. (AC +2) [demonic ancestry]
   628 | D:1      | Reached XP level 2. HP: 11/24 MP: 3/3
   640 | D:1      | Reached * piety under Lugonu
  1503 | D:1      | Gained mutation: A weak demonic guardian rushes to your
                  | aid. [demonic ancestry]
  1503 | D:1      | Reached XP level 3. HP: 26/29 MP: 5/5
  1707 | D:2      | Found a snail-covered altar of Cheibriados.
  1721 | D:1      | Reached skill level 3 in Invocations
  2213 | D:2      | Reached skill level 4 in Invocations
  2322 | D:2      | Reached ** piety under Lugonu
  2342 | D:2      | Reached XP level 4. HP: 35/35 MP: 7/7
  2386 | D:2      | Found a shadowy altar of Dithmenos.
  3257 | D:3      | Noticed a phantom
  3269 | D:3      | Slain by a phantom

Illustrated notes

Levels and vault maps discovered:
D:1:      dpeg_arrival_shrine, layout_basic, chequers_serial_rivers_large_a,
          kennysheep_minor_cross
D:2:      layout_loops_cross, kennysheep_slug_shrine, grunt_dithmenos_smoke
D:3:      layout_basic, fedhas_altar_3

Skill      XL: |  1  2  3 |
---------------+----------+-----
Long Blades    | 2 3 |  3.0
Invocations    | 4 |  4.9
Fighting       | |  3.0
Armour         | |  1.7
Dodging        | |  0.8

Action                   |  1- 3 |  4- 6 || total
-------------------------+-------+-------++-------
Melee: Falchion          |    21 |     1 ||    22
       Dagger            |   103 |    56 ||   159
Invok: Depart the Abyss  |     1 |       ||     1
  Use: Potion            |     2 |       ||     2
 Stab: Sleeping          |       |     1 ||     1
Armor: Leather armour    |    45 |     5 ||    50
Dodge: Dodged            |    90 |    24 ||   114
       Rpst.: Falchion   |     5 |       ||     5

Table legend: (Time is in decaauts)
 A = Elapsed time spent in this place.
 B = Non-inter-level travel time spent in this place.
 C = Inter-level travel time spent in this place.
 D = Time resting spent in this place.
 E = Time spent auto-exploring this place.
 F = Levels seen in this place.
 G = Mean time per level.
                   A        B        C        D        E       F      G
               +--------+--------+--------+--------+--------+-----+--------+
         Total |   3284 |   3139 |    145 |      0 |   2788 |   4 |  821.0 |
       Dungeon |   3190 |   3045 |    145 |      0 |   2709 |   3 | 1063.3 |
         Abyss |     93 |     93 |      0 |      0 |     79 |   1 |   93.0 |
               +--------+--------+--------+--------+--------+-----+--------+

Top non-repeatable levels by time:
     D:1: 1738 daAuts
     D:2: 1063 daAuts
     D:3: 389 daAuts
 Abyss:1: 93 daAuts
